 Dungeon Crawl Stone Soup version 0.32-a0-484-g2eb335deba (webtiles) character file.

Game seed: 1532320452234297755

126 mopl the Shooter (level 5, -1/49 HPs)
             Began as an Octopode Hexslinger on Feb 26, 2024.
             Incinerated by a bombardier beetle (6 damage)
             ... with a burning spray
             ... on level 3 of the Dungeon.
             The game lasted 00:02:46 (1871 turns).

mopl the Shooter (Octopode Hexslinger)              Turns: 1871, Time: 00:02:46

Health: -1/49      AC: 22    Str:  8    XL:     5   Next: 9%
Magic:  8/8        EV:  2    Int: 15    God:
Gold:   67         SH:  0    Dex: 22    Spells: 3/8 levels left

rFire   . . .        b - +1 short sword (freeze)
rCold   . . .        (no shield)
rNeg    . . .        (helmet currently unavailable)
rPois   +            (no amulet)
rElec   .            o - +6 ring of dexterity
rCorr   .            (no ring)
SInv    .            (no ring)
Will    .....        (no ring)
Stlth   +            (no ring)
HPRegen 0.28/turn    (no ring)
MPRegen 0.11/turn    (no ring)
                     (no ring)

%: no passive effects
@: on fire, tree-form, glowing
A: stationary, stasis, torment immunity, boosted hp, almost no armour,
(amphibious), 8 rings, (camouflage 1), (gelatinous body 1), (nimble swimmer 1),
(tentacles)
a: no special abilities


You were on level 3 of the Dungeon.
You were a tree.
You visited 1 branch of the dungeon, and saw 3 of its levels.

You collected 107 gold pieces.
You spent 40 gold pieces at shops.

Inventory:

Hand Weapons
 a - a +1 sling
 b - a +1 short sword of freezing (weapon)
Jewellery
 o - a +6 ring of dexterity (left branch)
Scrolls
 f - a scroll of enchant armour {unknown}
 g - 2 scrolls of silence {unknown}
 h - a scroll of identify {unknown}
 i - a scroll of noise {unknown}
 m - a scroll of poison
 n - 2 scrolls of revelation {unknown}
Potions
 c - a potion of lignification {!q}
 d - a potion of magic {unknown}
 e - 2 potions of degeneration {unknown}
 j - a potion of attraction {unknown}
 k - a potion of mutation {unknown}
 l - a potion of curing {unknown}


   Skills:
 - Level 1.0 Fighting
 * Level 3.8 Ranged Weapons
 - Level 2.0 Dodging
 + Level 2.2 Spellcasting
 + Level 3.8 Hexes
 - Level 1.0 Fire Magic


You had 3 spell levels left.
You knew the following spells:

 Your Spells              Type           Power      Damage    Failure   Level
a - Jinxbite              Hex            26%        N/A       7%          2
b - Sigil of Binding      Hex            13%        N/A       14%         3

Your spell library contained the following spells:

 Spells                   Type           Power      Damage    Failure   Level
 Inner Flame              Hex/Fire       8%         N/A       24%         3
 Cause Fear               Hex            6%         N/A       41%         4
 Dimensional Bullseye     Hex/Tloc       3%         N/A       69%         4
 Olgreb's Toxic Radiance  Alch           1%         N/A       91%         4
 Ozocubu's Refrigeration  Ice            0%         4d7       100%        7
 Discord                  Hex            6%         N/A       100%        8


Dungeon Overview and Level Annotations

Branches:
Dungeon (3/15)

Altars:

Shops:
D:2 *


Innate Abilities, Weirdness & Mutations

You are a tree.
Your roots penetrate the ground, keeping you stationary.
You cannot be teleported.
You are immune to unholy pain and torment.
Your maximum health is greatly increased.
You cannot wear most types of armour.
((You are amphibious.))
You can wear up to eight rings at the same time.
((Your skin changes colour to match your surroundings (Stealth+).))
((Your rubbery body absorbs attacks. (AC +1, EV +1)))
((You are camouflaged when in or above water. (Stealth+)))
((You have tentacles for arms and can constrict up to eight enemies at once.))


Message History

The sling bullet hits the bombardier beetle.
The bombardier beetle is heavily wounded.
The bombardier beetle sprays incendiary fluid at you.
The burning spray hits you.
You are covered in liquid fire!
You shoot a sling bullet.
The sling bullet hits the bombardier beetle.
The bombardier beetle is heavily wounded.
The liquid fire burns you!
You shoot a sling bullet.
The sling bullet barely misses the bombardier beetle.
The liquid fire burns you!
You shoot a sling bullet.
The sling bullet hits the bombardier beetle.
The bombardier beetle is almost dead.
The liquid fire burns you! The bombardier beetle bites you.
You are too injured to fight recklessly!
You are too injured to fight recklessly!
Your +1 short sword of freezing glows with a cold blue light!
b - a +1 short sword of freezing (weapon)
The liquid fire burns you!
You hit the bombardier beetle but do no damage.
Your grab misses the bombardier beetle.
The bombardier beetle is almost dead.
The liquid fire burns you!
* * * LOW HITPOINT WARNING * * *
The bombardier beetle sprays incendiary fluid at you.
The burning spray misses you.
You barely miss the bombardier beetle. You grab the bombardier beetle.
The bombardier beetle is almost dead.
The liquid fire burns you!
* * * LOW HITPOINT WARNING * * *
You constrict the bombardier beetle.
Unknown command.
It was a potion of lignification.
You turn into a tree.
Your roots penetrate the ground.
You lose your grip on the bombardier beetle.
The liquid fire burns you!
You die...

..........##...#..#.#
#.......#######.#.#
#...........# #.... #
..##....##.#.#####.# #.
#....##.........# ##..
##....##.#.#####..
.....
+.....##.#..(.....
#....##....##.####..#..
+....B♣............##..
#....##.###........##..
#... #...#...#....###.
#.. ##...>#.#.).....#
## #...............#
#.......#.......#
#.......#.......#
#####.###.......# #.#
####.....


You could see a bombardier beetle.

Vanquished Creatures
  Natasha (thrice) (D:2)
  An adder (D:2)
  A ribbon worm (D:2)
  3 ball pythons
  2 endoplasms (D:1)
  A giant cockroach (D:1)
  5 goblins
  4 hobgoblins
  5 jackals
  A quokka (D:2)
  2 bats (D:1)
  2 frilled lizards
  8 kobolds
  A rat (D:3)
39 creatures vanquished.

Notes
Turn   | Place    | Note
-------+----------+-------------------------------------------
     0 | D:1      | mopl the Octopode Hexslinger began the quest for the Orb.
     0 | D:1      | Reached XP level 1. HP: 13/13 MP: 2/2
   117 | D:1      | Reached XP level 2. HP: 9/18 MP: 3/3
   155 | D:1      | Learned a level 2 spell: Jinxbite
   856 | D:2      | Reached XP level 3. HP: 23/23 MP: 5/5
   874 | D:2      | Found Weehirph's Assorted Antiques.
   874 | D:2      | Noticed Natasha
   880 | D:2      | Killed Natasha
   881 | D:2      | Reached skill level 3 in Ranged Weapons
   920 | D:2      | Bought an orange potion for 20 gold pieces
   920 | D:2      | Bought a red potion for 20 gold pieces
  1004 | D:2      | Reached XP level 4. HP: 28/28 MP: 6/6
  1143 | D:2      | Noticed Natasha
  1153 | D:2      | Killed Natasha
  1154 | D:2      | Reached skill level 2 in Spellcasting
  1161 | D:2      | Noticed Natasha
  1668 | D:2      | Killed Natasha
  1669 | D:2      | Reached XP level 5. HP: 24/33 MP: 8/8
  1725 | D:3      | Learned a level 3 spell: Sigil of Binding
  1871 | D:3      | Incinerated by a bombardier beetle

Illustrated notes

Levels and vault maps discovered:
D:1:      minmay_arrival_four_circles, layout_basic, serial_park_tiny_2
D:2:      layout_loops_ring, serial_shops, shop, uniq_natasha
D:3:      layout_basic, zin_statuary, shapermc_ecumenical_altar_mp_vishouse

Skill      XL: |  1  2  3  4 |
---------------+-------------+-----
Ranged Weapons | 3 |  3.8
Spellcasting   | 2 |  2.2
Fighting       | |  1.0
Dodging        | |  2.0
Hexes          | |  3.8
Fire Magic     | |  1.0

Action                     |  1- 3 |  4- 6 || total
---------------------------+-------+-------++-------
  Melee: Short sword       |       |     7 ||     7
         Tentacles         |       |     2 ||     2
         Constrict         |       |     2 ||     2
   Fire: Sling             |    75 |    64 ||   139
    Use: Potion            |       |     1 ||     1
 Armour: Skin              |    16 |    20 ||    36
  Dodge: Dodged            |    26 |    25 ||    51

Table legend: (Time is in decaauts)
 A = Elapsed time spent in this place.
 B = Non-inter-level travel time spent in this place.
 C = Inter-level travel time spent in this place.
 D = Time resting spent in this place.
 E = Time spent auto-exploring this place.
 F = Levels seen in this place.
 G = Mean time per level.
                   A        B        C        D        E       F      G
               +--------+--------+--------+--------+--------+-----+--------+
         Total |   1904 |   1757 |    147 |    259 |   1189 |   3 |  634.7 |
       Dungeon |   1904 |   1757 |    147 |    259 |   1189 |   3 |  634.7 |
               +--------+--------+--------+--------+--------+-----+--------+

Top non-repeatable levels by time:
     D:1: 974 daAuts
     D:2: 767 daAuts
     D:3: 161 daAuts
